 Dungeon Crawl Stone Soup version 0.31-a0-1-g4198be8af4 (webtiles) character file.

Game seed: 4102254369157927717

32 ytrimaz the Ducker (level 3, -7/25 HPs)
             Began as a Djinni Air Elementalist on May 2, 2023.
             Mangled by Natasha (8 damage)
             ... on level 2 of the Dungeon.
             The game lasted 00:01:27 (1486 turns).

ytrimaz the Ducker (Djinni Air Elementalist)        Turns: 1486, Time: 00:01:28

Health: -7/25      AC:  2    Str: 19    XL:     3   Next: 45%
Gold:   139        EV: 12    Int: 18    God:
                   SH:  5    Dex: 13

rFire   + + .        (no weapon)
rCold   x . .        m - +2 buckler
rNeg    . . .        a - +0 robe
rPois   ∞            (no helmet)
rElec   .            (no cloak)
rCorr   .            (no gloves)
SInv    .            (boots unavailable)
Will    .....        (no amulet)
Stlth   ++           f - +6 ring of strength
HPRegen 0.24/turn    i - +6 ring of strength
MPRegen 0.00/turn

%: infuse magic (-8 HP)
@: flying, very slightly contaminated
A: sickness immunity, fire resistance 2, cold vulnerability 1, float, innate
caster, HP casting, extra vitality 1
a: no special abilities


You were on level 2 of the Dungeon.
You visited 1 branch of the dungeon, and saw 2 of its levels.

You collected 139 gold pieces.


Innate Abilities, Weirdness & Mutations

You are immune to sickness and miasma.
You are immune to poison.
Your flesh is very heat resistant. (rF++)
You are vulnerable to cold. (rC-)
You float through the air rather than walking.
You learn spells naturally, not from books.
Your magical power is your life essence.
You have superior vitality. (+4 MHP)


   Skills:
 + Level 3.1 Dodging
 - Level 1.7 Stealth
 * Level 0.1 Shields
 + Level 2.9 Spellcasting


You knew the following spells:

 Your Spells              Type           Power      Damage    Failure   Level
a - Shock                 Conj/Air       52%        1d6       6%          1
b - Static Discharge      Conj/Air       26%        2-4/arc   10%         2
c - Swiftness             Air            13%        N/A       19%         3
d - Airstrike             Air            6%         2d(1-17)  54%         4
e - Summon Small Mammal   Summ           52%        N/A       6%          1
Your spell library was empty.

Inventory:

Armour
 a - a +0 robe (worn)
 m - a +2 buckler (worn)
   (You found it on level 2 of the Dungeon)
Jewellery
 f - a +6 ring of strength (left hand)
   (You found it on level 1 of the Dungeon)
 i - a +6 ring of strength (right hand)
   (You found it on level 1 of the Dungeon)
Scrolls
 b - a scroll of fog {unknown}
 c - a scroll of immolation {unknown}
 d - a scroll of torment {unknown}
 h - a scroll of noise {unknown}
 j - a scroll of enchant weapon {unknown}
 k - a scroll of amnesia {unknown}
Potions
 e - a potion of curing {unknown}
 g - a potion of invisibility {unknown}
 l - a potion of lignification {unknown}

Dungeon Overview and Level Annotations

Branches:
Dungeon (2/15) Zot: 10514

Altars:

Annotations:
D:2 Natasha

#.## #.# ♣.♣♣#...#
#.# #.# #.....###
♣.♣#♣#♣.# #...#.#
........########.#
♣.♣#♣#♣.).....##.#
..# #..#####.##.#
######.....##.##.#
#......###.##.##.#
#.####.# #.##.##@#
#.# #.###.##.##h5#
#.# #.....##.###5#
#.# ###.####.# .#
#.#####..# #.# .#
#....♣P.♣# .#
#..#♣♣P..♣ .#
#..♣♣P.♣♣♣♣ ..
#..♣PP.♣PP♣


You could see Natasha and 2 cerulean imps.


Message History

😎 HP[+1]
Your hp is fully restored (25).
A bat comes into view.
A bat is nearby!
The zap hits the bat.
You kill the bat! 😕 HP[-1]
You take 1 damage, and now have 24/25 hp.
You can't see any susceptible monsters within range! (Use Z to cast anyway.)
You can't see any susceptible monsters within range! (Use Z to cast anyway.)
A rat comes into view.
You see here a +0 long sword. 😎 HP[+1]
Your hp is fully restored (25).
A rat is nearby!
Casting: Shock (safe; 6% risk of failure)
Confirm with . or Enter, or press ? or * to list all spells.
Okay, then.
A rat is nearby!
A rat is nearby!
The zap hits the rat.
You kill the rat! 😕 HP[-1]
You take 1 damage, and now have 24/25 hp.
You can't see any susceptible monsters within range! (Use Z to cast anyway.)
You can't see any susceptible monsters within range! (Use Z to cast anyway.) Key pressed, stopping explore.
You see here a +0 sling.
Key pressed, stopping explore.
You see here a +0 sling.
Key pressed, stopping explore.
Key pressed, stopping explore.
You now have 130 gold pieces (gained 18).
You now have 139 gold pieces (gained 9).
A ball python comes into view.
A ball python is nearby! 😎 HP[+1]
Your hp is fully restored (25).
A ball python is nearby!
A ball python is nearby!
The zap hits the ball python.
The ball python hisses angrily.
Natasha, Servant of Life and Death comes into view. 😕 HP[-1]
You take 1 damage, and now have 24/25 hp.
The zap hits the ball python.
You kill the ball python!
The zap misses Natasha.
Natasha hisses angrily. 😕 HP[-1]
You take 1 damage, and now have 23/25 hp.
The zap hits Natasha. 😕 HP[-1]
You take 1 damage, and now have 22/25 hp.
The zap hits Natasha.
Unknown command. 😕 HP[-1]
You take 1 damage, and now have 21/25 hp.
The zap hits Natasha.
Natasha mumbles some strange words.
The zap hits the cerulean imp.
The cerulean imp resists.
The zap hits Natasha.
The cerulean imp misses you. 😕 HP[-1]
You take 1 damage, and now have 20/25 hp.
Casting: Shock (safe; 6% risk of failure)
Confirm with . or Enter, or press ? or * to list all spells.
The cerulean imp is struck by an arc of lightning.
The cerulean imp resists.
You are struck by an arc of lightning.
The cerulean imp is struck by an arc of lightning.
The cerulean imp resists.
You are struck by an arc of lightning.
The lightning grounds out.
Natasha casts a spell.
The cerulean imp hits you with a +2 spear.
* * * LOW HITPOINT WARNING * * *
Unknown command. 😨 HP[-10]
You take 10 damage, and now have 10/25 hp.
MASSIVE DAMAGE!! (PAUSE)
Casting: Static Discharge (safe; 10% risk of failure)
Confirm with . or Enter, or press ? or * to list all spells.
Natasha is struck by an arc of lightning.
You are struck by an arc of lightning.
* * * LOW HITPOINT WARNING * * *
The cerulean imp is struck by an arc of lightning.
The cerulean imp resists.
The lightning grounds out.
* * * LOW HITPOINT WARNING * * *
Natasha barely misses you. The cerulean imp barely misses you.
Unknown command. 😱 HP[-4]
You take 4 damage, and now have 6/25 hp.
Casting: Static Discharge (safe; 10% risk of failure)
Confirm with . or Enter, or press ? or * to list all spells.
You miscast Static Discharge.
You are very lightly contaminated with residual magic.
Nothing appears to happen.
* * * LOW HITPOINT WARNING * * *
The cerulean imp hits you from afar with a +0 spear.
* * * LOW HITPOINT WARNING * * *
Natasha claws you!
You die...

Skill      XL: |  1  2  3 |
---------------+----------+-----
Dodging        | 3 |  3.1
Stealth        | |  1.7
Shields        | |  0.1
Spellcasting   | |  2.9

Action                     || total
---------------------------++-------
  Melee: Unarmed           ||     1
         Punch             ||     1
   Cast: Shock             ||    62
         Static Discharge  ||     4
 Armour: Robe              ||     1
  Dodge: Dodged            ||    13

Levels and vault maps discovered:
D:1:      dpeg_chamrin_arrival_tetris, layout_loops_ring, minivault_5,
          minmay_3d_cube
D:2:      layout_loops_ring, serial_forest, infiniplex_forest_zigzag_2,
          infiniplex_forest_straight_4, infiniplex_forest_zigzag_1,
          infiniplex_forest_fountain, infiniplex_forest_lined_3_way,
          infiniplex_forest_lined_3, infiniplex_forest_join,
          infiniplex_forest_lined_4_way, infiniplex_forest_end_2, basic_altar,
          minmay_pentomino_w2, uniq_crazy_yiuf_cottage, uniq_sigmund,
          uniq_natasha

Notes
Turn   | Place    | Note
-------+----------+-------------------------------------------
     0 | D:1      | ytrimaz the Djinni Air Elementalist began the quest for the
                  | Orb.
     0 | D:1      | ytrimaz set off with the following spells memorised: Shock,
                  | Static Discharge, Swiftness, Airstrike.
     0 | D:1      | Reached XP level 1. HP: 15/15 MP: 0/0
     0 | D:1      | magus.rc [v1.9.6]
   263 | D:1      | Reached XP level 2. HP: 19/21 MP: 0/0
   495 | D:1      | HP: 3/21 [hobgoblin (5)]
   697 | D:1      | Reached XP level 3. HP: 22/25 MP: 0/0
   697 | D:1      | Learned a level 1 spell: Summon Small Mammal
   777 | D:1      | Reached skill level 3 in Dodging
  1478 | D:2      | Noticed Natasha
  1485 | D:2      | HP: 6/25 [/static electricity (2)]
  1486 | D:2      | HP: 1/25 [cerulean imp/+0 spear[Natasha] (4)]
  1486 | D:2      | Mangled by Natasha

Vanquished Creatures
  4 ball pythons
  4 endoplasms
  A giant cockroach (D:1)
  2 goblins (D:1)
  6 hobgoblins (D:1)
  A quokka (D:1)
  4 bats
  2 frilled lizards (D:1)
  3 kobolds (D:1)
  4 rats
31 creatures vanquished.

Table legend:
 A = Non-vault XP
 B = Vault XP
 C = Vault XP percentage of total XP
 D = Non-vault monster count
 E = Vault monster count
 F = Vault count percentage of total count
                 A         B        C        D         E       F
            +---------+---------+-------+---------+---------+-------
      Total |      40 |       7 |  14.9 |      27 |       4 |  12.9
            +---------+---------+-------+---------+---------+-------
        D:1 |      29 |       6 |  17.1 |      19 |       3 |  13.6
        D:2 |      11 |       1 |   8.3 |       8 |       1 |  11.1
            +---------+---------+-------+---------+---------+-------

Skill      XL: |  1  2  3 |
---------------+----------+-----
Dodging        | 3 |  3.1
Stealth        | |  1.7
Shields        | |  0.1
Spellcasting   | |  2.9

Action                     || total
---------------------------++-------
  Melee: Unarmed           ||     1
         Punch             ||     1
   Cast: Shock             ||    62
         Static Discharge  ||     4
 Armour: Robe              ||     1
  Dodge: Dodged            ||    13

Illustrated notes

Table legend:
 A = Kills in this place as a percentage of kills in the entire game.
 B = Kills by you in this place as a percentage of kills by you in the entire game.
 C = Kills by friends in this place as a percentage of kills by friends in the entire game.
 D = Other kills in this place as a percentage of other kills in the entire game.
 E = Experience gained in this place as a percentage of experience gained in the entire game.
 F = Experience gained in this place divided by the number of levels of this place that you have seen.
                   A       B       C       D       E      F
               +-------+-------+-------+-------+-------+----------------------
         Total | 100.0 | 100.0 |   N/A |   N/A | 100.0 |  23.5
       Dungeon | 100.0 | 100.0 |   N/A |   N/A | 100.0 |  23.5
               +-------+-------+-------+-------+-------+----------------------

Table legend: (Time is in decaauts)
 A = Elapsed time spent in this place.
 B = Non-inter-level travel time spent in this place.
 C = Inter-level travel time spent in this place.
 D = Time resting spent in this place.
 E = Time spent auto-exploring this place.
 F = Levels seen in this place.
 G = Mean time per level.
                   A        B        C        D        E       F      G
               +--------+--------+--------+--------+--------+-----+--------+
         Total |   1484 |   1426 |     58 |     70 |   1211 |   2 |  742.0 |
       Dungeon |   1484 |   1426 |     58 |     70 |   1211 |   2 |  742.0 |
               +--------+--------+--------+--------+--------+-----+--------+

Top non-repeatable levels by time:
     D:1: 1094 daAuts
     D:2: 390 daAuts
